 Dungeon Crawl Stone Soup version 0.31-a0-949-g57150269e1 (webtiles) character file.

Game seed: 9208008232981850599

63 croobank the Firebug (level 3, -2/26 HPs)
             Began as a Demonspawn Fire Elementalist on Oct 22, 2023.
             Slain by a gnoll
             ... wielding a +0 flail
              (5 damage)
             ... on level 2 of the Dungeon.
             The game lasted 00:03:28 (1599 turns).

croobank the Firebug (Demonspawn Fire Elementalist) Turns: 1599, Time: 00:03:29

Health: -2/26      AC:  3    Str:  8    XL:     3   Next: 87%
Magic:  6/6        EV: 12    Int: 16    God:
Gold:   108        SH:  0    Dex: 15    Spells: 3/6 levels left

rFire   . . .        j - +4 whip
rCold   . . .        (no shield)
rNeg    + . .        a - +0 robe
rPois   .            (helmet currently unavailable)
rElec   .            (cloak currently unavailable)
rCorr   .            (gloves currently unavailable)
SInv    .            (boots currently unavailable)
Will    .....        (no amulet)
Stlth   ++           d - ring of positive energy
HPRegen 0.24/turn    (no ring)
MPRegen 0.10/turn

%: no passive effects
@: beast-form
A: beast (slay +0), sharp scales 1, demonic touch 1
a: Begin Untransformation


You were on level 2 of the Dungeon.
You were a hulking beast.
You visited 1 branch of the dungeon, and saw 2 of its levels.

You collected 108 gold pieces.

Inventory:

Hand Weapons
 c - a +0 dagger
 g - a +0 short sword
 j - a +4 whip (weapon)
Armour
 a - a +0 robe (worn)
Jewellery
 d - a ring of positive energy (left hand)
Talismans
 n - a flux talisman
Scrolls
 e - a scroll of immolation {unknown}
 f - a scroll of revelation {unknown}
 h - 2 scrolls of identify {unknown}
 i - 2 scrolls of noise {unknown}
 k - a scroll of vulnerability {unknown}
 m - a scroll of teleportation {unknown}
Potions
 b - 4 potions of curing {unknown}
 l - a potion of might {unknown}


   Skills:
 + Level 1.0 Fighting
 + Level 2.2 Dodging
 + Level 2.2 Stealth
 + Level 2.3 Spellcasting
 + Level 1.7 Conjurations
 + Level 3.1 Fire Magic


You had 3 spell levels left.
You knew the following spells:

 Your Spells              Type           Power      Damage    Failure   Level
a - Foxfire               Conj/Fire      36%        2x1d5     8%          1
b - Scorch                Fire           22%        2d5       9%          2

Your spell library contained the following spells:

 Spells                   Type           Power      Damage    Failure   Level
 Inner Flame              Hex/Fire       6%         N/A       32%         3
 Volatile Blastmotes      Fire/Tloc      12%        2d11      32%         3
 Flame Wave               Conj/Fire      9%         2d6       58%         4


Dungeon Overview and Level Annotations

Branches:
Dungeon (2/15)

Altars:


Innate Abilities, Weirdness & Mutations

You are a hulking beast.
Your limbs bulge with bestial killing power. (Slay +0)
You are partially covered in razor-sharp scales. (AC +1, Slay +1)
Your touch may inflict minor irresistible damage on your foes.


Message History

You barely miss the endoplasm.
The endoplasm is severely wounded.
The endoplasm freezes you.
You are frozen.
You hit the endoplasm.
You kill the endoplasm!
Your Fighting skill increases to level 1!
No target in view!
k - a scroll labelled UXZAABAOGE
l - a fuming green potion
m - a scroll labelled KIPLUD YLOGH You now have 108 gold pieces (gained 9).
Found a flux talisman.
Found a stone staircase leading up.
Search for what [? for help]? flux You see here a flux talisman.
n - a flux talisman You see here 3 stones.
i - 2 scrolls labelled ALIQITH OHEBLO (gained 1)
A gnoll comes into view. It is wielding a +0 spear.
Found 18 gold pieces.
A gnoll is nearby!
A gnoll comes into view. It is wielding a +0 flail.
The gnoll shouts!
A gnoll comes into view. It is wielding a +0 club.
There is a stone staircase leading up here.
The gnoll closely misses you.
You hit the gnoll.
You touch the gnoll!
You kill the gnoll!
You hit the gnoll. Your touch misses the gnoll.
The gnoll is heavily wounded.
The gnoll hits you with a +0 spear. The gnoll hits you with a +0 flail!
You are too injured to fight recklessly!
You are too injured to fight recklessly!
You are too injured to fight recklessly!
You are too injured to fight recklessly!
You closely miss the gnoll. The gnoll hits you with a +0 spear.
* * * LOW HITPOINT WARNING * * *
The gnoll hits you with a +0 flail.
You die...

#.... #. ##.## .. # #.#
#. .# ##.## #. ..# #...#
#.###..# #...# #....#$#
#.... #g#.##.## #####...#
#hg....###........ .
##<...............
....#......###........
#......## ###.#...#
#####.## #.#.... #.#
#.#...# #.#######.#.(.#
#####.......#...>..
#######.....#####.#......


You could see 2 gnolls.

Vanquished Creatures
  A gnoll (D:2)
  A worm (D:2)
  A dart slug (D:1)
  2 ball pythons (D:2)
  4 bats (D:1)
  6 endoplasms
  2 giant cockroaches
  5 goblins (D:1)
  2 hobgoblins
  2 jackals (D:1)
  7 kobolds
  2 quokkas (D:1)
  4 frilled lizards
  4 rats (D:1)
43 creatures vanquished.

Vanquished Creatures (others)
  22 foxfires
22 creatures vanquished.

Grand Total: 65 creatures vanquished

Notes
Turn   | Place    | Note
-------+----------+-------------------------------------------
     0 | D:1      | croobank the Demonspawn Fire Elementalist began the quest
                  | for the Orb.
     0 | D:1      | Reached XP level 1. HP: 13/13 MP: 3/3
   138 | D:1      | Gained mutation: Your touch may inflict minor irresistible
                  | damage on your foes. [demonic ancestry]
   138 | D:1      | Reached XP level 2. HP: 19/19 MP: 1/5
   304 | D:1      | Learned a level 2 spell: Scorch
   834 | D:1      | Gained mutation: You are partially covered in razor-sharp
                  | scales. (AC +1, Slay +1) [demonic ancestry]
   834 | D:1      | Reached XP level 3. HP: 24/25 MP: 6/6
  1118 | D:2      | Reached skill level 3 in Fire Magic
  1388 | D:2      | Reached skill level 1 in Fighting
  1599 | D:2      | Slain by a gnoll

Illustrated notes

Levels and vault maps discovered:
D:1:      dpeg_arrival_subterranean_lakeside_camping, layout_basic,
          amcnicky_mini_corridor_feature
D:2:      layout_loops_cross, nicolae_underground_beach

Skill      XL: |  1  2  3 |
---------------+----------+-----
Stealth        | 2 |  2.2
Dodging        | 2 |  2.2
Fire Magic     | 3 |  3.1
Fighting       | 1 |  1.0
Spellcasting   | |  2.3
Conjurations   | |  1.7

Action                     || total
---------------------------++-------
  Melee: Unarmed           ||    18
         Dagger            ||    73
         Touch             ||    13
         Punch             ||     1
         Whip              ||    12
   Cast: Foxfire           ||    13
         Scorch            ||     5
    Use: Potion            ||     1
   Stab: Sleeping          ||     8
 Armour: Robe              ||    45
  Dodge: Dodged            ||    65
   Form: Beast             ||     1

Table legend: (Time is in decaauts)
 A = Elapsed time spent in this place.
 B = Non-inter-level travel time spent in this place.
 C = Inter-level travel time spent in this place.
 D = Time resting spent in this place.
 E = Time spent auto-exploring this place.
 F = Levels seen in this place.
 G = Mean time per level.
                   A        B        C        D        E       F      G
               +--------+--------+--------+--------+--------+-----+--------+
         Total |   1598 |   1556 |     42 |    112 |   1153 |   2 |  799.0 |
       Dungeon |   1598 |   1556 |     42 |    112 |   1153 |   2 |  799.0 |
               +--------+--------+--------+--------+--------+-----+--------+

Top non-repeatable levels by time:
     D:1: 974 daAuts
     D:2: 624 daAuts
